 Dungeon Crawl Stone Soup version 0.30-a0-986-g7f2e898f52 (webtiles) character file.

Game seed: 3131988370980857

516 jimonade the Covered (level 7, -5/60 HPs)
             Began as a Hill Orc Fighter on Apr 1, 2023.
             Splashed by a jelly's acid (7 damage)
             ... on level 4 of the Dungeon.
             The game lasted 00:07:52 (4221 turns).

jimonade the Covered (Hill Orc Fighter)             Turns: 4221, Time: 00:07:53

Health: -5/60      AC: -1    Str: 25    XL:     7   Next: 20%
Magic:  0/10       EV: 12    Int: 12    God:
Gold:   198        SH:  5    Dex: 14    Spells: 6/6 levels left

rFire   . . .      SeeInvis .    a - +0 dagger (venom)
rCold   . . .      Faith    .    r - +0 buckler
rNeg    . . .      Spirit   +    I - +4 robe of Augmentation {Str+4 Int+4 Dex+4}
rPois   .          Reflect  .    D - +2 hat
rElec   .          Rampage  .    (no cloak)
rCorr   .                        C - +1 pair of gloves
Will    .....                    (no boots)
Stlth   ++                       m - amulet of guardian spirit
HPRegen 0.30/turn                (no ring)
MPRegen 0.12/turn                (no ring)

@: corroded
A: no striking features
a: no special abilities


You were on level 4 of the Dungeon.
You visited 1 branch of the dungeon, and saw 5 of its levels.

You collected 198 gold pieces.

Inventory:

Hand Weapons
 a - a +0 dagger of venom (weapon)
 b - a +2 long sword of holy wrath
 c - a +3 whip
 f - a +0 mace
 g - a +0 war axe
 h - a +0 spear
 l - a +0 dagger of venom
 o - a +0 spear
 v - a +2 vampiric dagger
 E - a +0 hand axe
Missiles
 q - 17 stones (quivered)
Armour
 i - a +0 scale mail
 r - a +0 buckler (worn)
 C - a +1 pair of gloves (worn)
 D - a +2 hat (worn)
 I - the +4 robe of Augmentation (worn) {Str+4 Int+4 Dex+4}
   (You found it on level 3 of the Dungeon)

   Str:       It affects your strength (+4).
   Int:       It affects your intelligence (+4).
   Dex:       It affects your dexterity (+4).
Jewellery
 m - an amulet of guardian spirit (around neck)
Wands
 L - a wand of mindburst (5)
Scrolls
 k - a scroll of silence {unknown}
 n - a scroll of enchant armour {unknown}
 s - a scroll of vulnerability {unknown}
 t - 2 scrolls of blinking {unknown}
 x - a scroll of enchant weapon {unknown}
 y - a scroll of teleportation {unknown}
 F - a scroll of immolation {unknown}
 J - a scroll of identify {unknown}
 M - a scroll of noise {unknown}
Potions
 d - a potion of might
 e - a potion of haste {unknown}
 j - 2 potions of attraction {unknown}
 p - a potion of degeneration {unknown}
 u - 5 potions of lignification {unknown}
 w - 2 potions of invisibility {unknown}
 z - 2 potions of flight {unknown}
 A - a potion of heal wounds {unknown}
 B - 2 potions of berserk rage {unknown}
 G - 2 potions of curing {unknown}
 H - a potion of magic {unknown}
 K - a potion of resistance {unknown}


   Skills:
 + Level 4.7 Fighting
 - Level 1.1 Short Blades
 + Level 3.0 Axes
 + Level 0.4(1.5) Maces & Flails
 + Level 0.2 Throwing
 + Level 5.2 Armour
 + Level 1.9 Dodging
 + Level 1.2 Stealth
 + Level 4.4 Shields
 * Level 4.0 Invocations


You had 6 spell levels left.
You didn't know any spells.
Your spell library contained the following spells:

 Spells                   Type           Power      Damage    Failure   Level
 Sandblast                Erth           0%         2d4       38%         1
 Passwall                 Tmut/Erth      0%         N/A       54%         2
 Scorch                   Fire           0%         2d5       54%         2
 Stone Arrow              Conj/Erth      0%         3d7       77%         3
 Animate Dead             Necr           0%         N/A       99%         4
 Flame Wave               Conj/Fire      0%         2d4       99%         4
 Borgnjor's Vile Clutch   Necr/Erth      0%         N/A       100%        5
 Death Channel            Necr           0%         N/A       100%        6
 Summon Cactus Giant      Summ           0%         N/A       100%        6


Dungeon Overview and Level Annotations

Branches:
Dungeon (5/15)
 Temple: D:4-7

Altars:
Hepliaklqana
Kikubaaqudgha
Trog

Shops:
D:1 (


Message History

The jelly is lightly wounded.
The jelly closely misses you.
You hit the jelly.
Your hands burn!
The jelly is moderately wounded.
The jelly hits you but does no damage.
You hit the jelly but do no damage.
Your hands burn!
The jelly is moderately wounded.
The jelly hits you.
You are splashed with acid!
You hit the jelly but do no damage.
Your hands burn!
The jelly is moderately wounded.
The jelly hits you but does no damage.
You completely miss the jelly.
The jelly is moderately wounded.
You block the jelly's attack.
You hit the jelly but do no damage.
Your hands burn!
The jelly is moderately wounded.
The jelly barely misses you.
You hit the jelly but do no damage.
Your hands burn!
* * * LOW HITPOINT WARNING * * *
The jelly is moderately wounded.
The jelly hits you but does no damage.
You hit the jelly but do no damage.
Your hands burn!
* * * LOW HITPOINT WARNING * * *
The jelly is moderately wounded.
The jelly hits you.
* * * LOW HITPOINT WARNING * * *
The acid corrodes you!
You are splashed with acid!
* * * LOW HITPOINT WARNING * * *
You hit the jelly but do no damage.
The jelly is poisoned.
Your hands burn!
* * * LOW HITPOINT WARNING * * *
The jelly is moderately wounded.
The jelly barely misses you.
You hit the jelly but do no damage.
The jelly looks as sick as possible!
Your hands burn!
* * * LOW HITPOINT WARNING * * *
The jelly is heavily wounded.
The jelly hits you.
* * * LOW HITPOINT WARNING * * *
You are splashed with acid!
You die...

#.#.#[##.............#
#..........###########
#####.##.#.# #.##.#.#
##).....### ##########
#.........# #........#
#.###.###.# #.######.#
#######.........#####.#
#†#
...)............@J..#.####
#.#
.######.###.###.###......#
#.# .# #.##...##.#
###.##.###.# .#
#.........# #........# .#
#.........# ####.##### .#
#####.##### #.# .# #.# #.#
.## #.# #.# ..# ##'## #.#


You could see a jelly (extremely poisoned).

Vanquished Creatures
  Grinder (D:5)
  2 black bears (D:5)
  Ijyb (D:5)
  4 adders
  A shadow imp (D:5)
  An ufetubus (D:5)
  A worm (D:3)
  A dart slug (D:3)
  2 orcs
  9 ball pythons
  3 bats
  3 endoplasms
  2 giant cockroaches
  8 goblins
  9 hobgoblins
  8 jackals
  2 quokkas
  A frilled lizard (D:2)
  6 kobolds
  5 rats
70 creatures vanquished.

Vanquished Creatures (others)
  A kraken (D:1)
  A minotaur (D:1)
  A vine stalker (D:1)
  A human (D:1)
  A demigod (D:1)
  2 mummies (D:1)
  A gnoll (D:1)
  9 tentacles (D:1)
17 creatures vanquished.

Grand Total: 87 creatures vanquished

Notes
Turn   | Place    | Note
-------+----------+-------------------------------------------
     0 | D:1      | jimonade the Hill Orc Fighter began the quest for the Orb.
     0 | D:1      | Reached XP level 1. HP: 19/19 MP: 1/1
     5 | D:1      | Noticed a minotaur
     5 | D:1      | Noticed a ghoul
     5 | D:1      | Noticed a demonspawn
     5 | D:1      | Noticed a demigod
     5 | D:1      | Noticed a naga
     5 | D:1      | Noticed a kraken
     5 | D:1      | Noticed a vine stalker
     5 | D:1      | Noticed an ogre
     5 | D:1      | Noticed a human
     5 | D:1      | Noticed a merfolk
     5 | D:1      | Noticed a human
     6 | D:1      | Killed a demigod
    10 | D:1      | Killed a vine stalker
    13 | D:1      | Killed a minotaur
    16 | D:1      | Killed a human
    17 | D:1      | Killed a kraken
    70 | D:1      | Reached XP level 2. HP: 23/27 MP: 2/2
    89 | D:1      | Found Jinkod's Weapon Boutique.
   146 | D:1      | Reached skill level 1 in Invocations
   555 | D:1      | Reached XP level 3. HP: 33/33 MP: 3/3
  1428 | D:2      | Reached skill level 4 in Armour
  1686 | D:2      | Reached skill level 1 in Short Blades
  1689 | D:2      | Reached XP level 4. HP: 38/40 MP: 5/5
  1985 | D:3      | Found the +4 robe of Augmentation {Str+4 Int+4 Dex+4}
  2453 | D:3      | Found a hazy altar of Hepliaklqana.
  3749 | D:5      | Entered Level 5 of the Dungeon
  3763 | D:5      | Noticed Ijyb
  3773 | D:5      | Killed Ijyb
  3774 | D:5      | Reached XP level 5. HP: 9/46 MP: 1/6
  3947 | D:5      | Noticed a black bear
  3974 | D:5      | Killed a black bear
  3975 | D:5      | Reached skill level 1 in Dodging
  3975 | D:5      | Reached XP level 6. HP: 48/53 MP: 5/8
  4006 | D:5      | Found a bloodstained altar of Trog.
  4008 | D:5      | Noticed a black bear
  4024 | D:5      | Killed a black bear
  4076 | D:5      | Noticed Grinder
  4101 | D:5      | Paralysed by Grinder for 2 turns
  4105 | D:5      | Killed Grinder
  4106 | D:5      | Reached skill level 5 in Armour
  4106 | D:5      | Reached skill level 1 in Stealth
  4106 | D:5      | Reached XP level 7. HP: 35/60 MP: 5/10
  4199 | D:5      | Found an ancient bone altar of Kikubaaqudgha.
  4221 | D:4      | HP: 3/60 [acid (3)]
  4221 | D:4      | Splashed by a jelly's acid

Illustrated notes

Levels and vault maps discovered:
D:1:      nicolae_arrival_kraken_aquarium_b, layout_basic, serial_shops,
          nicolae_shop_statue_plus, minmay_box_of_dots
D:2:      layout_loops_corners, serial_forest, infiniplex_forest_end_double,
          infiniplex_forest_lined_corner, infiniplex_forest_lined_room_2,
          infiniplex_forest_straight_1, infiniplex_forest_clump_curved,
          infiniplex_forest_end_double, infiniplex_forest_lined_2
D:3:      layout_basic, lemuel_round_altar
D:4:      layout_loops_corners
D:5:      layout_basic, nicolae_dithmenos_shadow_blocks, trog_ov_bears_minmay,
          mainiacjoe_overflow_small_starburst, nicolae_overflow_crystal_walls,
          gammafunk_ghost_cemetery, nicolae_shop_firing_range, uniq_duvessa,
          uniq_grinder, uniq_blork_the_orc, uniq_ijyb

Skill      XL: |  1  2  3  4  5  6 |
---------------+-------------------+-----
Invocations    | 1 2 3 4 |  4.0
Axes           | 3 |  3.0
Armour         | 4 5 |  5.2
Short Blades   | 1 |  1.1
Fighting       | 4 |  4.7
Dodging        | 1 |  1.9
Shields        | 4 |  4.4
Stealth        | 1 |  1.2
Maces & Flails | |  0.4
Throwing       | |  0.2

Action                     |  1- 3 |  4- 6 |  7- 9 || total
---------------------------+-------+-------+-------++-------
  Melee: Whip              |    12 |       |       ||    12
         Dagger            |    84 |   176 |    14 ||   274
  Throw: Stone             |       |     2 |       ||     2
   Stab: Sleeping          |       |     1 |       ||     1
 Armour: Scale mail        |    32 |    25 |       ||    57
         Robe              |       |    44 |     3 ||    47
  Dodge: Dodged            |    37 |    77 |     6 ||   120
  Block: Buckler           |    15 |    37 |     4 ||    56

Table legend: (Time is in decaauts)
 A = Elapsed time spent in this place.
 B = Non-inter-level travel time spent in this place.
 C = Inter-level travel time spent in this place.
 D = Time resting spent in this place.
 E = Time spent auto-exploring this place.
 F = Levels seen in this place.
 G = Mean time per level.
                   A        B        C        D        E       F      G
               +--------+--------+--------+--------+--------+-----+--------+
         Total |   4214 |   4050 |    164 |    172 |   3055 |   5 |  842.8 |
       Dungeon |   4214 |   4050 |    164 |    172 |   3055 |   5 |  842.8 |
               +--------+--------+--------+--------+--------+-----+--------+

Top non-repeatable levels by time:
     D:4: 1082 daAuts
     D:2: 1002 daAuts
     D:1: 902 daAuts
     D:3: 879 daAuts
     D:5: 347 daAuts
